woodfighter, chaotic female sylph Ranger -------.. |...%.|... |.q@)@[... | |%@.@%|... |.[@@@|.. |[.-@---- |..|..%.| |..|..^.| --------- woodfighter the Reconnoiteress Experience level: 11 Strength: 11 Dexterity: 16 Constitution: 16 Intelligence: 14 Wisdom: 14 Charisma: 8 Health: 0(79) Energy: 67(67) Def: 10 Gold: 0 Moves: 16407 Dungeon seed: pFvkPpJvvc8OpSS9 Game ID: woodfighter_1472107698 Your Inventory: Amulets J - an uncursed amulet of reflection (being worn) Weapons a - a blessed +2 bow (weapon in hand) b - 44 blessed +2 arrows (in quiver) Armor e - an uncursed +0 set of green dragon scales g - an uncursed +0 pair of gauntlets of power z - an uncursed +4 dwarvish cloak (being worn) Y - an uncursed +0 elven shield (being worn) Comestibles l - 5 uncursed K-rations u - 14 uncursed C-rations L - 5 uncursed food rations M - an uncursed clove of garlic Z - an uncursed lizard corpse Scrolls T - an uncursed scroll of teleportation Rings C - an uncursed ring of invisibility (on left hand) O - an uncursed ring of free action (on right hand) Wands c - a wand of lightning (0:3) A - a wand of magic missile (0:6) B - a wand of digging (0:6) Tools i - an uncursed bugle k - an uncursed oil lamp (lit) (0:52) q - a blessed +0 unicorn horn s - a blessed bag of holding w - an uncursed skeleton key y - an uncursed lock pick D - an uncursed towel W - a +0 pick-axe Gems n - a blessed luckstone Contents of the bag of holding: 2465 gold pieces 32 +0 arrows 9 +0 arrows an uncursed +0 cloak of protection an uncursed +0 elven shield a blessed +2 helmet an uncursed +0 pair of elven boots an uncursed +0 pair of leather gloves 14 uncursed C-rations 9 uncursed K-rations 2 uncursed cram rations 3 uncursed food rations 5 uncursed lembas wafers 2 uncursed scrolls of enchant armor an uncursed scroll of remove curse a cursed scroll of remove curse an uncursed potion of blindness a blessed potion of full healing an uncursed potion of gain energy an uncursed potion of object detection an uncursed ring of conflict an uncursed ring of levitation a wand of magic missile (0:5) a wand of speed monster (0:6) an uncursed oil lamp (0:1442) an uncursed oil lamp (0:1385) an uncursed oil lamp (0:1402) a +0 unicorn horn Spells and supernatural/magical abilities: Name Level Category Fail Memory k - knock 1 matter 94% 83% r - remove curse 3 clerical 100% 96% z - sleep 1 enchantment 94% 83% E - detect food 2 divination 98% 96% W - pray for help -- divine ? -- Your skills at the end: Miscellaneous Skills wands [Basic] Weapon Skills dagger [Basic] bow [Expert] Spellcasting Skills Final Attributes: You were piously aligned. You saw invisible. You had automatic searching. You had infravision. You were invisible to others. You were displaced. You were stealthy. You were protected. You were protected from shape changers. You were fast. You had reflection. You had free action. You were lucky. You had extra luck. Good luck did not time out for you. You are dead. Vanquished creatures: a purple worm 2 green dragons a vampire lord a clay golem 2 ghosts 2 lieutenants 2 giant mimics a flesh golem a stalker an air elemental a fire elemental an earth elemental a giant mummy a black naga an elf-lord 4 sergeants an island nymph a warhorse an ettin mummy an ogre lord 3 trolls a shocking sphere a large cat a tiger a gargoyle 3 dwarf kings a tengu a leocrotta an energy vortex 2 ettin zombies a leather golem 6 Grey-elves 34 soldiers 4 giant beetles 2 cockatrices 6 wolves a gremlin 18 leprechauns a quivering blob a lizard 2 giant spiders a scorpion an iron piercer a horse 2 black lights 2 gnome kings an orc mummy an ogre 2 brown puddings 2 owlbears a yeti 2 gold golems a werewolf 2 dogs 2 dingos a housecat a dwarf lord 2 blue jellies 2 water nymphs 3 white unicorns a dust vortex a raven 2 plains centaurs a gnome mummy a snake 3 apes 7 human zombies 2 rope golems 2 Woodland-elves 2 soldier ants a fire ant a quasit 2 wood nymphs 4 Mordor orcs an Uruk-hai 2 rock piercers 3 ponies 2 fog clouds 4 yellow lights 3 shriekers a violet fungus 13 gnome lords 2 gnomish wizards a kobold mummy a red naga hatchling a golden naga hatchling 2 gray oozes a barrow wight a ghoul a straw golem 8 giant ants 3 little dogs 8 floating eyes 3 kittens 13 dwarves 3 iguanas 7 hill orcs 2 rothes a giant bat a monkey 6 dwarf zombies a wererat 21 killer bees 4 gas spores 8 hobbits 3 acid blobs 3 large kobolds 11 geckos a hobgoblin 7 giant rats a cave spider 3 brown molds 3 yellow molds 2 green molds 2 red molds 51 gnomes 6 garter snakes 4 manes 4 jackals 3 foxes 2 kobolds 11 newts a goblin 5 sewer rats 13 grid bugs 4 bats 4 lichens 2 kobold zombies 452 creatures vanquished. Voluntary challenges: You were vegetarian. You had followed a strict vegan diet until turn 11923. You used a wielded weapon 26 times, starting on turn 1264. You did not apply a unicorn horn. You read items or engraved 29 times, starting on turn 9512. You never genocided any monsters. You polymorphed 1 item, starting on turn 11700. You changed form 1 time, starting on turn 10252. You completed Sokoban on turn 6941, according to the rules. You used no wishes. You never split a pudding. You never wrote Elbereth's name. You never violated your personal moral code. Dungeon overview: The Dungeons of Doom: levels 1 to 16 Level 1 a long staircase Level 2 a fountain, a sink Level 3 a general store, a sink stairs to The Gnomish Mines Level 4 an altar to Mars Level 5 (vault + locked box) a fountain Level 6 a general store, a fountain Level 7 Level 8 many fountains Level 9 a fountain stairs to Sokoban Level 10 a temple to Mars Level 11 ( ) a temple to Venus, a fountain Level 12 some fountains Level 13 a fountain portal to Fort Ludios Level 14 a fountain Level 15 (rogue + quest) a magic portal Level 16 The Gnomish Mines: levels 4 to 11 Level 4 stairs to The Dungeons of Doom Level 5 Level 6 Level 7 (bones) some shops, a temple to Venus, a magic chest, some fountains Level 8 Level 9 Level 10 Level 11 many altars to Moloch, a magic chest, some fountains Sokoban: levels 5 to 8 Level 5 a magic chest Level 6 Level 7 Level 8 a magic chest stairs to The Dungeons of Doom Fort Ludios: Level 1 <- You were here portal to The Dungeons of Doom History has recorded: On T:1 you entered the Dungeons of Doom to retrieve the Amulet of Yendor! On T:51 you reached level 2 of The Dungeons of Doom. On T:793 you reached level 3 of The Dungeons of Doom. On T:1006 you advanced to experience level 2. On T:1139 you reached level 4 of The Dungeons of Doom. On T:1264 you advanced to experience level 3. On T:1731 you advanced to experience level 4. On T:1768 you reached level 5 of The Dungeons of Doom. On T:1949 you reached level 6 of The Dungeons of Doom. On T:2800 you reached level 7 of The Dungeons of Doom. On T:2870 you reached level 8 of The Dungeons of Doom. On T:2937 you advanced to experience level 5. On T:3298 you advanced to experience level 6. On T:3550 you reached level 9 of The Dungeons of Doom. On T:3605 you advanced to experience level 7. On T:3828 you reached level 4 of Sokoban. On T:4285 you opened a magic chest. On T:4287 you opened a magic chest. On T:4295 you reached level 3 of Sokoban. On T:4816 you reached level 2 of Sokoban. On T:5595 you reached level 1 of Sokoban. On T:6923 you advanced to experience level 8. On T:6941 you advanced to experience level 9. On T:6941 you entered the Sokoban zoo. On T:7076 you opened a magic chest. On T:7083 you opened a magic chest. On T:7216 you opened a magic chest. On T:8002 you reached level 2 of The Gnomish Mines. On T:8308 you reached level 3 of The Gnomish Mines. On T:8675 you reached level 4 of The Gnomish Mines. On T:8947 you entered the Minetown temple On T:9098 you opened a magic chest. On T:9100 you opened a magic chest. On T:9103 you opened a magic chest. On T:9115 you opened a magic chest. On T:9117 you opened a magic chest. On T:9119 you opened a magic chest. On T:9125 you opened a magic chest. On T:9148 you opened a magic chest. On T:9215 you opened a magic chest. On T:9216 you opened a magic chest. On T:9257 you opened a magic chest. On T:9258 you opened a magic chest. On T:9453 you reached level 5 of The Gnomish Mines. On T:9510 you opened a magic chest. On T:9520 you opened a magic chest. On T:9521 you opened a magic chest. On T:9534 you opened a magic chest. On T:9669 you reached level 6 of The Gnomish Mines. On T:9964 you reached level 7 of The Gnomish Mines. On T:10446 you reached level 8 of The Gnomish Mines. On T:10446 you reached the bottom of the Mines. On T:10617 you advanced to experience level 10. On T:10956 you opened a magic chest. On T:10958 you opened a magic chest. On T:11383 you opened a magic chest. On T:11398 you opened a magic chest. On T:11558 you opened a magic chest. On T:11560 you opened a magic chest. On T:11691 you opened a magic chest. On T:11698 you opened a magic chest. On T:11698 you opened a magic chest. On T:11699 you opened a magic chest. On T:11717 you advanced to experience level 11. On T:11790 you opened a magic chest. On T:11791 you opened a magic chest. On T:11791 you opened a magic chest. On T:12800 you opened a magic chest. On T:12801 you opened a magic chest. On T:12808 you opened a magic chest. On T:12809 you opened a magic chest. On T:12810 you opened a magic chest. On T:12810 you opened a magic chest. On T:12812 you opened a magic chest. On T:12813 you opened a magic chest. On T:12817 you opened a magic chest. On T:12821 you opened a magic chest. On T:12824 you opened a magic chest. On T:12824 you opened a magic chest. On T:12965 you reached level 10 of The Dungeons of Doom. On T:13140 you reached level 11 of The Dungeons of Doom. On T:13231 you reached level 12 of The Dungeons of Doom. On T:13679 you reached level 13 of The Dungeons of Doom. On T:14065 you reached Fort Ludios. On T:14324 you reached level 14 of The Dungeons of Doom. On T:14521 you reached level 16 of The Dungeons of Doom. On T:14525 you reached level 15 of The Dungeons of Doom. On T:15569 you opened a magic chest. On T:15583 you opened a magic chest. On T:15585 you opened a magic chest. On T:15585 you opened a magic chest. On T:15710 you opened a magic chest. Score breakdown: Gold: 2465 ( 246 points) Experience: 11 levels ( 1000 points) Exploration: 20 levels ( 570 points) Discoveries: 77 items ( 2000 points) Variety of kills: 128 monsters ( 2000 points) Major goal: Sokoban/Mines ( 1500 points) Survival: died (score multiplied by 3) Total score: 21948 Latest messages: The 2nd arrow hits the soldier! The soldier wields a short sword! The soldier zaps a wand of sleep! The sleep ray hits you! But it is disrupted by your medallion! The soldier is caught in the sleeping gas! (2x) Something stabs you! You wake up. You shoot 3 arrows. The 1st arrow hits something! You kill the soldier! The 2nd arrow hits the captain! The 3rd arrow hits the captain! The soldier zaps a wand of sleep! The sleep ray hits you! But it is disrupted by your medallion! The soldier is caught in the sleeping gas! (2x) Something hacks you! (3x) Something slashes you! Something hacks you! The combat suddenly awakens you. The lieutenant swings his broadsword. The lieutenant hacks you! The lieutenant swings his broadsword. The lieutenant hacks you! You die... Final status: Goodbye woodfighter the Ranger, killed by a lieutenant... You died in Fort Ludios with 21948 points, and 2465 pieces of gold, after 16407 moves. You were level 11 with a maximum of 79 hit points when you died.